 Dungeon Crawl Stone Soup version 0.20-a0-792-g09bcfd3 (webtiles) character file.

3453 nikopol the Spear-Bearer (level 9, 0/82 HPs)
             Began as a Minotaur Berserker on Feb 28, 2017.
             Was a High Priest of Trog.
             Slain by a hornet (12 damage)
             ... on level 8 of the Dungeon.
             The game lasted 00:21:33 (7050 turns).

nikopol the Spear-Bearer (Minotaur Berserker)       Turns: 7050, Time: 00:21:34

Health: 0/82       AC: 12    Str: 23    XL:     9   Next: 78%
Magic:  8/8        EV: 14    Int:  9    God:    Trog [*****.]
Gold:   386        SH:  0    Dex: 12    Spells: 8/8 levels left

rFire    . . .     SeeInvis .   a - +2 spear of Duty {pierce, rC+ Int+5}
rCold    + . .     Gourm    .   h - +0 scale mail
rNeg     . . .     Faith    .   (no shield)
rPois    .         Spirit   .   (helmet restricted)
rElec    .         Reflect  .   F - +0 cloak
rCorr    .         Harm     .   (no gloves)
MR       .....                  l - +1 pair of boots
Stlth    ..........             (no amulet)
Regen    0.3/turn               (no ring)
MPRegen  0.2/turn               (no ring)

@: exhausted, slowed, very slow
A: retaliatory headbutt, horns 2
a: Berserk, Trog's Hand, Brothers in Arms, Burn Spellbooks, Renounce Religion


You were on level 8 of the Dungeon.
You worshipped Trog.
Trog was extremely pleased with you.
You were hungry.

You visited 1 branch of the dungeon, and saw 10 of its levels.
You also visited: Ossuary.

You collected 602 gold pieces.
You spent 216 gold pieces at shops.

Inventory:

Hand Weapons
 a - the +2 spear of Duty (weapon) {pierce, rC+ Int+5}
   (You bought it in a shop on level 5 of the Dungeon)

   It inflicts extra damage upon your enemies.
   It affects your intelligence (+5).
   It protects you from cold.
 z - a +2 shortbow of flaming
 A - a +0 spear
 C - a +0 trident
 L - a +0 shortbow
Missiles
 J - 29 arrows
Armour
 b - a +0 animal skin
 h - a +0 scale mail (worn)
 l - a +1 pair of boots (worn)
 F - a +0 cloak (worn)
 H - a +1 ring mail of fire resistance
Jewellery
 f - an uncursed ring of protection from magic {unknown}
 s - a +2 amulet of reflection {unknown}
 M - an uncursed amulet of rage {unknown}
Wands
 v - a wand of clouds (5/9)
 w - a wand of lightning (5/15)
 K - a wand of polymorph (8/24)
Scrolls
 m - 6 scrolls of remove curse
 n - 2 scrolls of enchant armour
 p - a scroll of magic mapping
 t - 5 scrolls of fog {unknown}
 u - 9 scrolls of identify {unknown}
 x - 6 scrolls of random uselessness {unknown}
 y - a scroll of teleportation {unknown}
 D - a scroll of recharging {unknown}
 G - a scroll of blinking {unknown}
Potions
 d - 3 potions of degeneration {unknown}
 e - a potion of invisibility {unknown}
 g - a potion of agility {unknown}
 i - 9 potions of curing
 k - 2 potions of heal wounds {unknown}
 o - a potion of mutation {unknown}
 q - a potion of brilliance {unknown}
 E - a potion of ambrosia {unknown}
 I - a potion of haste {unknown}
Comestibles
 c - 4 bread rations
 j - 3 royal jellies
 r - 2 meat rations
 B - 5 fruits


   Skills:
 + Level 8.6 Fighting
 * Level 9.4 Polearms
 * Level 3.3 Bows
 + Level 8.5 Armour
 + Level 7.5 Dodging


You had 8 spell levels left.
You didn't know any spells.

Dungeon Overview and Level Annotations

Branches:
Dungeon (10/15)            Temple (0/1) D:4
   Lair: D:8-11         Orc: D:9-12

Altars:
Cheibriados
Hepliaklqana
Makhleb
Okawaru
Qazlal
Trog
Uskayaw
Yredelemnul
The Shining One

Shops:
D:4 =   D:5 *?*(

Annotations:
D:8 Erica


Innate Abilities, Weirdness & Mutations

You reflexively headbutt those who attack you in melee.
You have a pair of horns on your head.


Message History

You feel sick.
Erica mumbles some strange words.
Erica flickers and vanishes!
Found a scroll labeled COERUO GAUFESI.
There is a stone staircase leading down here.
You're too exhausted to go berserk.
Okay, then.
You feel sick. The hornet closely misses you. You furiously retaliate!
You headbutt the hornet! The iguana closely misses you. The hornet stings you!
You are more poisoned.
You feel as though you will be slow longer.
You feel sick. The hornet stings you!
* * * LOW HITPOINT WARNING * * *
You are lethally poisoned!
You feel as though you will be slow longer.
The iguana bites you!
* * * LOW HITPOINT WARNING * * *
It was a potion of curing.
You feel better. The hornet barely misses you. The hornet stings you!
You die...

..........#
#.#.......#
#.#.......#
#.........#
#........
#......
..#.#....##
.......>yl#
#.#.....#@#
#?......#.#
###.......#
.......##.
........# .
........#
..
........#
.. ... ...


You could see a hornet and an iguana.

Vanquished Creatures
  5 yaks
  A wraith (D:10)
  A hungry ghost (D:10)
  A soldier ant (D:10)
  2 orc warriors
  A sky beast (D:8)
  A hornet zombie (D:10)
  An eye of draining (D:10)
  2 ogres (D:7)
  A phantom (D:8)
  A black bear (D:6)
  2 centaurs
  A big kobold (D:8)
  An elf zombie (Ossuary)
  A bullfrog (D:6)
  A scorpion (D:7)
  3 crimson imps
  A quasit (D:6)
  A centaur zombie (D:5)
  3 hounds
  A jelly (D:7)
  3 orc priests (D:7)
  3 centaur skeletons
  3 orc wizards (D:7)
  A bullfrog skeleton (D:3)
  9 worker ants
  2 big kobold zombies (Ossuary)
  2 mummies (Ossuary)
  2 hound skeletons
  A worker ant zombie (D:7)
  4 gnolls
  A howler monkey skeleton (D:5)
  2 adders
  2 shadow imps
  An ooze (D:2)
  2 adder skeletons
  A dart slug (D:2)
  3 worms (D:3)
  2 leopard geckos
  24 orcs
  6 bats
  19 giant cockroaches
  A gnoll zombie (Ossuary)
  8 goblins
  4 hobgoblins
  9 jackals
  22 kobolds
  3 quokkas (D:5)
  4 ball pythons
  2 frilled lizards
  3 goblin zombies (Ossuary)
  4 hobgoblin zombies (Ossuary)
  A jackal zombie (D:5)
  3 orc zombies (Ossuary)
  7 rats
196 creatures vanquished.

Notes
Turn   | Place    | Note
-------+----------+-------------------------------------------
     0 | D:1      | nikopol the Minotaur Berserker began the quest for the Orb.
     0 | D:1      | Reached XP level 1. HP: 19/19 MP: 0/0
    70 | D:1      | Reached XP level 2. HP: 22/26 MP: 1/1
   701 | D:2      | Reached ** piety under Trog
   709 | D:2      | Reached XP level 3. HP: 33/33 MP: 2/2
   844 | D:2      | Reached skill level 4 in Polearms
  1135 | D:2      | Found a faded altar of an unknown god.
  1267 | D:3      | Found an iron altar of Okawaru.
  1408 | D:3      | Reached XP level 4. HP: 40/40 MP: 3/3
  1796 | D:3      | Found a snail-covered altar of Cheibriados.
  1934 | D:3      | Found a hide-covered altar of Uskayaw.
  1934 | D:3      | Found a bloodstained altar of Trog.
  1984 | D:3      | Reached *** piety under Trog
  2056 | D:3      | Reached XP level 5. HP: 47/47 MP: 4/4
  2391 | D:4      | Reached skill level 5 in Polearms
  2498 | D:4      | Found a staircase to the Ecumenical Temple.
  2631 | D:4      | Found Eweufug's Jewellery Boutique.
  2848 | D:5      | Entered Level 5 of the Dungeon
  2848 | D:5      | Found Licui's General Store.
  2870 | D:5      | Noticed an orc warrior
  2879 | D:5      | Reached XP level 6. HP: 54/55 MP: 5/5
  3104 | D:5      | Killed an orc warrior
  3104 | D:5      | Reached skill level 5 in Fighting
  3383 | D:5      | Found Itoonak's Assorted Antiques.
  3403 | D:5      | Reached skill level 5 in Armour
  3404 | D:5      | Found a burning altar of Makhleb.
  3419 | D:5      | Noticed a yak
  3420 | D:5      | Noticed a yak
  3421 | D:5      | Noticed a yak
  3422 | D:5      | Noticed a yak
  3426 | D:5      | Noticed a yak
  3432 | D:5      | Killed a yak
  3432 | D:5      | Reached XP level 7. HP: 38/61 MP: 6/6
  3451 | D:4      | Killed a yak
  3451 | D:4      | Reached skill level 6 in Polearms
  3451 | D:4      | Reached skill level 5 in Dodging
  3689 | D:5      | Killed a yak
  3694 | D:4      | Killed a yak
  3694 | D:4      | Reached XP level 8. HP: 28/70 MP: 7/7
  3697 | D:4      | Reached skill level 7 in Polearms
  3996 | D:5      | Found a hazy altar of Hepliaklqana.
  4020 | D:5      | Found Tunek's Magic Scroll Shoppe.
  4076 | D:5      | Bought a transparent spear for 216 gold pieces
  4076 | D:5      | Identified the cursed +2 spear of Duty {pierce, rC+ Int+5} (You bought it in a shop on level 5 of the Dungeon)
  4088 | D:5      | Found a basalt altar of Yredelemnul.
  4132 | D:5      | Reached **** piety under Trog
  4180 | D:5      | Found Uneov's Weapon Boutique.
  4244 | D:5      | Found a glowing golden altar of the Shining One.
  4338 | D:5      | Found a stormy altar of Qazlal.
  5293 | D:7      | Found a sand-covered staircase.
  5301 | Ossuary  | Entered an ossuary
  5344 | Ossuary  | Reached skill level 8 in Polearms
  5532 | D:7      | Reached XP level 9. HP: 81/81 MP: 8/8
  6340 | D:8      | Reached skill level 1 in Bows
  6438 | D:8      | Reached skill level 9 in Polearms
  6734 | D:8      | You fall through a shaft for 2 floors!
  6734 | D:10     | Entered Level 10 of the Dungeon
  7024 | D:10     | Reached ***** piety under Trog
  7041 | D:9      | Paralysed by a hornet for 1 turns
  7047 | D:8      | Noticed Erica
  7050 | D:8      | Slain by a hornet

Vault maps used:
D:1:      lemuel_arrival_river_ford
D:2:      minmay_roachtagon, chequers_ecumenical_altar_grove
D:3:      old_standard_altar, nicolae_overflow_crystal_walls,
          gammafunk_temple_overflow_elements, first_bread
D:4:      minmay_temple_entry_hall, serial_shops, shop
D:5:      nicolae_overflow_hidden_temple, tso_oasis_becter, serial_shops,
          nicolae_shop_overgrown_old_shop, shop_scrolls, shop,
          nicolae_shop_crystal
D:7:      chequers_ossuary_entry_cave
D:8:      lemuel_mausoleum_altar_kikubaaqudgha,
          chequers_temple_overflow_minitemple, uniq_erica
D:9:      minmay_opposing_rooms, david_lair_generic
D:10:     minmay_goldmine
Ossuary:  minmay_ossuary_gauntlet

Skill      XL: |  1  2  3  4  5  6  7  8  9 |
---------------+----------------------------+-----
Armour         | 3 4 5 6 7 8 |  8.5
Polearms       | 4 5 6 8 9 |  9.4
Dodging        | 3 4 5 6 7 |  7.5
Fighting       | 4 5 6 7 8 |  8.6
Bows           | 3 |  3.3

Action                   |  1- 3 |  4- 6 |  7- 9 || total
-------------------------+-------+-------+-------++-------
Melee: Spear             |   124 |   166 |   297 ||   587
       Headbutt          |    11 |    38 |    73 ||   122
       Trident           |       |    32 |    29 ||    61
 Fire: Shortbow          |       |       |    14 ||    14
Invok: Berserk           |       |     1 |     3 ||     4
  Use: Scroll            |       |       |     3 ||     3
       Potion            |       |       |     1 ||     1
  Eat: Chunk             |     2 |     7 |    12 ||    21
       Meat ration       |       |       |     1 ||     1
Armor: Animal skin       |     2 |       |       ||     2
       Scale mail        |    45 |    52 |    86 ||   183
Dodge: Dodged            |    55 |    88 |   141 ||   284
